 Dungeon Crawl Stone Soup version 0.26-a0-651-gb41185065b (webtiles) character file.

Game seed: 14500523560835246064

(classic levelgen) 34 EnegeticOcto the Shield-Bearer (level 3, -2/34 HPs)
             Began as a Deep Dwarf Fighter on Oct 13, 2020.
             Killed from afar by an orc wizard (5 damage)
             ... with a puff of flame
             ... on level 2 of the Dungeon.
             The game lasted 00:00:22 (218 turns).

EnegeticOcto the Shield-Bearer (Deep Dwarf Fighter)  Turns: 218, Time: 00:00:22

Health: -2/34      AC:  6    Str: 20    XL:     3   Next: 14%
Magic:  3/3        EV:  7    Int:  8    God:
Gold:   27         SH:  0    Dex: 12    Spells: 2/2 levels left

rFire    . . .     SeeInvis .   a - +0 war axe
rCold    . . .     Faith    .   c - +0 kite shield
rNeg     . . .     Spirit   .   b - +0 scale mail
rPois    .         Reflect  .   (no helmet)
rElec    .         Harm     .   (no cloak)
rCorr    +         Rampage  .   (no gloves)
MR       .....                  (no boots)
Stlth    ..........             (no amulet)
HPRegen  0.00/turn              j - ring of resist corrosion
MPRegen  0.08/turn              (no ring)

@: confused, non-regenerating
A: damage resistance, heal wounds, sense surroundings 1, no regeneration
a: Heal Wounds


You were on level 2 of the Dungeon.
You visited 1 branch of the dungeon, and saw 2 of its levels.

You collected 27 gold pieces.

Inventory:

Hand Weapons
 a - a +0 war axe (weapon)
Armour
 b - a +0 scale mail (worn)
 c - a +0 kite shield (worn)
Jewellery
 j - a ring of resist corrosion (left hand)
Scrolls
 f - a scroll of identify {unknown}
 h - 2 scrolls of random uselessness {unknown}
 i - a scroll of blinking {unknown}
Potions
 d - a potion of might {@q3}
 e - a potion of curing {unknown}
 g - 2 potions of flight {unknown}
 k - a potion of magic {unknown}


   Skills:
 + Level 3.0 Fighting
 * Level 3.0 Axes
 + Level 3.6 Armour
 + Level 3.6 Shields


You had 2 spell levels left.
You didn't know any spells.
Your spell library was empty.

Dungeon Overview and Level Annotations

Branches:
Dungeon (2/15)

Altars:


Innate Abilities, Weirdness & Mutations

You are resistant to damage.
You can heal yourself by infusing magical energy.
You passively map a small area around you.
You do not regenerate.


Message History

A puff of flame appears from out of thin air!
The puff of flame hits you. The adder bites you but does no damage.
Something hits you.
You miss the adder.
The adder is heavily wounded.
You hit the worm. You miss something. The adder closely misses you.
The worm bites you.
You hear some strange, mumbled words.
A magic dart appears from out of thin air!
The magic dart hits you but does no damage.
The adder barely misses you.
You barely miss the adder.
The adder is heavily wounded.
You hit the worm but do no damage. You miss something.
The adder closely misses you. Something hits you but does no damage.
The worm bites you. The adder barely misses you.
You barely miss the adder.
The adder is heavily wounded.
You hit the worm. You miss something.
You hear some strange, mumbled words.
Something tries to affect you, but you resist.
The adder bites you but does no damage. The worm bites you.
Something hits you but does no damage. You block the adder's attack.
You closely miss the adder.
The adder is heavily wounded.
You barely miss something. You hit the worm.
The adder bites you but does no damage. Something hits you but does no damage.
You block the worm's attack.
You slash the worm!
You kill the worm!
You hit the adder. You miss something. The adder barely misses you.
Something hits you but does no damage. You block the adder's attack.
You hear some strange, mumbled words.
A magic dart appears from out of thin air!
The magic dart hits you.
You miss the adder.
The adder is almost dead.
You closely miss something. You block the adder's attack.
The adder bites you but does no damage. Something hits you but does no damage.
You barely miss the adder.
The adder is almost dead.
You miss something. The adder bites you but does no damage.
You block something's attack. The adder bites you but does no damage.
You miss the adder.
The adder is almost dead.
You closely miss something. Something hits you but does no damage.
The adder bites you but does no damage. You block something's attack.
You block the adder's attack.
You hit the adder.
You kill the adder!
Your Fighting skill increases to level 3!
Your Axes skill increases to level 3!
You have reached level 3!
Your experience leads to an increase in your attributes!
Increase (s)trength, (i)ntelligence, or (d)exterity?
You feel stronger.
You hit something.
You hear some strange, mumbled words.
A puff of flame appears from out of thin air!
The puff of flame hits you!
* * * LOW HITPOINT WARNING * * *
You miss something. You block something's attack. Something hits you.
You fail to use your ability.
Something hits you but does no damage.
You fail to use your ability.
You hear some strange, mumbled words.
A puff of flame appears from out of thin air!
The puff of flame hits you.
You barely miss something.
You hear some strange, mumbled words.
You are confused.
You miss something. Something hits you but does no damage.
You barely miss something. Something hits you but does no damage.
You hear some strange, mumbled words.
A magic dart appears from out of thin air!
The magic dart hits you but does no damage.
You closely miss something. Something hits you but does no damage.
You barely miss something.
You hear some strange, mumbled words.
A magic dart appears from out of thin air!
The magic dart hits you.
* * * LOW HITPOINT WARNING * * *
Something hits you but does no damage.
You're too confused!
You're too confused!
A magic dart appears from out of thin air!
The magic dart hits you.
* * * LOW HITPOINT WARNING * * *
You see here a quokka corpse.
You bump into the rock wall.
You feel less confused.
You hear some strange, mumbled words.
You are confused.
You bump into the rock wall.
You bump into the rock wall.
Something hits you but does no damage.
You're too confused to move!
Something hits you but does no damage.
You bump into the rock wall.
You hear some strange, mumbled words.
A puff of flame appears from out of thin air!
The puff of flame hits you.
You die...

, .#.#.#.# , *
, ....... # ≈ ,
#.#.#.#,*.# ,
,* * ,.....##.
* * #...... #
*#..#)###.# ,
*,*#..).....#
###.###{#.....#
........@.# *
....###.#.# * ,
.. * #.#.#* , ,
#<#.. , *
#......# *
#####.## .# ,
*.# * * * *


There were no monsters in sight!

Vanquished Creatures
  An adder (D:2)
  2 worms (D:2)
  A dart slug (D:1)
  A bat (D:1)
  5 hobgoblins (D:1)
  A quokka (D:2)
  A frilled lizard (D:1)
  3 goblins
  2 rats (D:1)
17 creatures vanquished.

Notes
Turn   | Place    | Note
-------+----------+-------------------------------------------
     0 | D:1      | EnegeticOcto the Deep Dwarf Fighter began the quest for the
                  | Orb.
     0 | D:1      | Reached XP level 1. HP: 20/20 MP: 1/1
   100 | D:1      | Reached XP level 2. HP: 25/27 MP: 2/2
   204 | D:2      | Reached XP level 3. HP: 14/34 MP: 3/3
   218 | D:2      | Killed from afar by an orc wizard

Illustrated notes

Levels and vault maps discovered:
D:1:      lightli_arrival_isolated_outpost, layout_rooms, minivault_26
D:2:      wander_river, layout_loops_cross, st_stairs_9, tgw_kikubaaqudgha,
          uniq_natasha, uniq_jessica

Skill      XL: |  1  2 |
---------------+-------+-----
Fighting       | 3 |  3.0
Axes           | 3 |  3.0
Armour         | |  3.6
Shields        | |  3.6

Action                   || total
-------------------------++-------
Melee: War axe           ||    55
 Abil: Heal Wounds       ||     1
Armor: Scale mail        ||    52
Dodge: Dodged            ||    19
Block: Kite shield       ||    32

Table legend: (Time is in decaauts)
 A = Elapsed time spent in this place.
 B = Non-inter-level travel time spent in this place.
 C = Inter-level travel time spent in this place.
 D = Time resting spent in this place.
 E = Time spent auto-exploring this place.
 F = Levels seen in this place.
 G = Mean time per level.
                   A        B        C        D        E       F      G
               +--------+--------+--------+--------+--------+-----+--------+
         Total |    244 |    233 |     11 |      0 |     92 |   2 |  122.0 |
       Dungeon |    244 |    233 |     11 |      0 |     92 |   2 |  122.0 |
               +--------+--------+--------+--------+--------+-----+--------+

Top non-repeatable levels by time:
     D:1: 191 daAuts
     D:2: 53 daAuts
